 Dungeon Crawl Stone Soup version 0.29-a0-197-ge3fb4bd5a4 (webtiles) character file.

Game seed: 686796249530212798

27 Hasart the Shooter (level 2, -6/24 HPs)
             Began as a Demigod Hunter on Feb 23, 2022.
             Mangled by an orc
             ... wielding a +0 flail
              (7 damage)
             ... on level 4 of the Dungeon.
             The game lasted 00:01:25 (1555 turns).

Hasart the Shooter (Demigod Hunter)                 Turns: 1555, Time: 00:01:26

Health: -6/24      AC:  3    Str: 13    XL:     2   Next: 72%
Magic:  4/4        EV: 12    Int: 13    God:
Gold:   69         SH:  0    Dex: 14    Spells: 1/1 levels left

rFire   . . .      SeeInvis .   a - +1 shortbow
rCold   . . .      Faith    .   (shield currently unavailable)
rNeg    . . .      Spirit   .   b - +0 leather armour
rPois   .          Reflect  .   (no helmet)
rElec   .          Harm     .   (no cloak)
rCorr   .          Rampage  .   (no gloves)
Will    .....                   (no boots)
Stlth   ++........              (no amulet)
HPRegen 0.08/turn               (no ring)
MPRegen 0.09/turn               (no ring)

@: no status effects
A: high MP 1, forlorn, divine attributes
a: no special abilities


You were on level 4 of the Dungeon.
You visited 1 branch of the dungeon, and saw 3 of its levels.

You collected 69 gold pieces.

Inventory:

Hand Weapons
 a - a +1 shortbow (weapon)
Armour
 b - a +0 leather armour (worn)
Jewellery
 e - an amulet of the acrobat
Scrolls
 c - a scroll of identify {unknown}
Potions
 d - a potion of attraction {unknown}


   Skills:
 + Level 2.1 Fighting
 * Level 4.0 Bows
 + Level 2.1 Dodging
 + Level 1.4 Stealth


You had one spell level left.
You didn't know any spells.
Your spell library was empty.

Dungeon Overview and Level Annotations

Branches:
Dungeon (2/15)

Annotations:
D:2 Sigmund


Innate Abilities, Weirdness & Mutations

You have an increased reservoir of magic. (+10% MP)
You shall have no god before yourself.
Your divine heritage dramatically boosts your attributes as you level up.


Message History

Sigmund gestures wildly while chanting.
Sigmund flickers and vanishes!
Deactivating autopickup; reactivate with Ctrl-A.
A puff of flame appears from out of thin air!
The puff of flame hits you!
A magic dart appears from out of thin air!
The magic dart hits you!
* * * LOW HITPOINT WARNING * * *
There is a shaft here.
You fall into a shaft and drop 2 floors!
The shaft crumbles and collapses.
Reactivating autopickup.
The orc shouts! x3; The hobgoblin shouts!
The adder hisses angrily.
You hear a shout!
Found a scroll labelled WOLABUS COEWI and 11 gold pieces.
Found a stone staircase leading down.
Unknown command.
The orc closely misses you.
A hobgoblin comes into view.
You see here 11 gold pieces.
You are too injured to fight recklessly!
You are too injured to fight recklessly!
Shoot: a) +1 shortbow
Press: ? - help, Shift-Dir - straight line, f - orc
Aim: an orc, wielding a +0 flail (63% to hit)
You shoot an arrow. The arrow hits the orc.
The orc is lightly wounded.
The orc misses you.
The orc hits you from afar with a +0 trident.
* * * LOW HITPOINT WARNING * * *
The orc completely misses you.
Shoot: a) +1 shortbow
Press: ? - help, Shift-Dir - straight line, f/p - orc
Aim: an orc, wielding a +0 flail (lightly wounded, 63% to hit)
You shoot an arrow. The arrow hits the orc.
The orc is severely wounded.
The orc hits you from afar with a +0 trident.
* * * LOW HITPOINT WARNING * * *
The orc hits you with a +0 flail!
You die...

#############
#.......oo@.#
#?......o##.#
#........# .#
#.......>.....
#.............
#..............
#.....#######.##
#..... .#
.......


You could see 3 orcs.

Vanquished Creatures
  An adder (D:2)
  A worm (D:2)
  A bat (D:2)
  An endoplasm (D:2)
  2 hobgoblins (D:1)
  2 jackals (D:1)
  A kobold (D:1)
  2 quokkas
  A frilled lizard (D:1)
  A rat (D:2)
13 creatures vanquished.

Notes
Turn   | Place    | Note
-------+----------+-------------------------------------------
     0 | D:1      | Hasart the Demigod Hunter began the quest for the Orb.
     0 | D:1      | Reached XP level 1. HP: 17/17 MP: 3/3
    99 | D:1      | Reached skill level 1 in Stealth
   826 | D:2      | Noticed Sigmund
  1256 | D:2      | Reached XP level 2. HP: 14/24 MP: 4/4
  1419 | D:2      | Reached skill level 4 in Bows
  1549 | D:2      | You fall into a shaft and drop 2 floors!
  1555 | D:4      | HP: 1/24 [orc/+0 trident (6)]
  1555 | D:4      | Mangled by an orc

Illustrated notes

Levels and vault maps discovered:
D:1:      wheals_arrival_linesprint, layout_loops_ring
D:2:      layout_loops_ring, shapermc_ecumenical_altar_starsandcircs,
          uniq_crazy_yiuf_cottage, uniq_sigmund
D:4:      layout_basic, nicolae_overflow_hidden_temple, temple_fountains,
          uniq_menkaure, uniq_eustachio

Skill      XL: |  1  2 |
---------------+-------+-----
Stealth        | 1 |  1.4
Fighting       | 2 |  2.1
Dodging        | 2 |  2.1
Bows           | 4 |  4.0

Action                   || total
-------------------------++-------
 Fire: Shortbow          ||    41
Armor: Leather armour    ||     1
Dodge: Dodged            ||    11

Table legend: (Time is in decaauts)
 A = Elapsed time spent in this place.
 B = Non-inter-level travel time spent in this place.
 C = Inter-level travel time spent in this place.
 D = Time resting spent in this place.
 E = Time spent auto-exploring this place.
 F = Levels seen in this place.
 G = Mean time per level.
                   A        B        C        D        E       F      G
               +--------+--------+--------+--------+--------+-----+--------+
         Total |   1569 |   1447 |    122 |    317 |    991 |   3 |  523.0 |
       Dungeon |   1569 |   1447 |    122 |    317 |    991 |   3 |  523.0 |
               +--------+--------+--------+--------+--------+-----+--------+

Top non-repeatable levels by time:
     D:1: 1168 daAuts
     D:2: 394 daAuts
     D:4: 6 daAuts
